 Dungeon Crawl Stone Soup version 0.28.0 (webtiles) character file.

Game seed: 11573050080665090212

2 anonymouscript the Ruffian (level 1, 22/22 HPs)
             Began as a Troll Berserker on Feb 13, 2022.
             Was a Follower of Trog.
             Quit the game on level 1 of the Dungeon.
             The game lasted 00:00:20 (99 turns).

anonymouscript the Ruffian (Troll Berserker)          Turns: 99, Time: 00:00:21

Health: 22/22      AC:  4    Str: 24    XL:     1   Next: 33%
Magic:  0/0        EV: 10    Int:  3    God:    Trog [*.....]
Gold:   24         SH:  0    Dex:  9    Spells: 0/0 levels left

rFire   . . .      SeeInvis .     - Unarmed
rCold   . . .      Faith    .   (no shield)
rNeg    . . .      Spirit   .   a - +0 animal skin
rPois   .          Reflect  .   (helmet restricted)
rElec   .          Harm     .   (no cloak)
rCorr   .          Rampage  .   (gloves unavailable)
Will    .....                   (boots unavailable)
Stlth   +.........              (no amulet)
HPRegen 0.87/turn               (no ring)
MPRegen 0.07/turn               (no ring)

@: no status effects
A: large, unfitting armour, claws 3, regeneration 1, shaggy fur 1, tough skin 1
a: Renounce Religion, Berserk


You were on level 1 of the Dungeon.
You worshipped Trog.
Trog was aware of your devotion.
You visited 1 branch of the dungeon, and saw 1 of its levels.

You collected 24 gold pieces.

Inventory:

Armour
 a - a +0 animal skin (worn)
Scrolls
 b - a scroll of teleportation {unknown}


   Skills:
 + Level 2.4 Fighting
 + Level 2.4 Dodging
 + Level 3.0 Unarmed Combat


You couldn't memorise any spells.
You didn't know any spells.
Your spell library was empty.

Dungeon Overview and Level Annotations

Branches:
Dungeon (1/15)

Altars:


Innate Abilities, Weirdness & Mutations

You are too large for most types of armour.
You have claws for hands.
Your natural rate of healing is unusually fast.
You are covered in fur. (AC +1)
You have tough skin. (AC +1)


Message History

Found a stone staircase leading down.
There is a stone staircase leading down here.
Found a stone staircase leading down.
Found a stone staircase leading down.
There is a stone staircase leading down here.
A bat comes into view.
You see here 6 gold pieces.
The bat hits you but does no damage.
You now have 6 gold pieces.
There are no items here.
A bat is nearby!
A bat is nearby!
A bat is nearby!
The bat closely misses you. The bat barely misses you.
You claw the bat!
You kill the bat!
Trog accepts your kill.
You now have 24 gold pieces (gained 18).
A kobold comes into view. It is wielding a +0 dagger.
The kobold shouts!
The kobold hits you with a +0 dagger.
You barely miss the kobold. The kobold hits you but does no damage.
You scratch the kobold.
You kill the kobold!
Trog accepts your kill.
Things that are here:
a +0 dagger; a kobold corpse You enter the shallow water.
Moving in this stuff is going to be slow.
A spectral goblin comes into view.
Found a faded altar of an unknown god.
A spectral goblin is nearby!
You claw the spectral goblin!
You destroy the spectral goblin!
Trog accepts your kill.
There is a faded altar of an unknown god here.
You cannot tell which god this altar belongs to.
Convert to them anyway?
Really abandon Trog for an unknown god?
Okay, then.
Are you sure you want to abandon this character and quit the game? (Confirm with "yes".)

.....)...# ####
########.####≈≈
#...##.#### #
###.#..#8≈# #
####.#..#.≈####
#
#......≈##≈.≈≈##
#.##.#...#≈.≈.≈#
# #.##≈.#≈≈≈≈≈+
#.##≈≈#@.≈≈≈+ #
#.##.≈≈≈≈.≈.+ .
#.##≈.#≈≈≈≈≈# .
..##.≈#≈..≈≈# .
....≈#≈.≈#≈#≈.#
# ###≈#8≈#.≈≈≈##
. #.##≈≈.#### #≈
≈≈≈.# ## ##.##


There were no monsters in sight!

Vanquished Creatures
  A kobold (D:1)
  A bat (D:1)
  A spectral goblin (D:1)
3 creatures vanquished.

Notes
Turn   | Place    | Note
-------+----------+-------------------------------------------
     0 | D:1      | anonymouscript the Troll Berserker began the quest for the
                  | Orb.
     0 | D:1      | Reached XP level 1. HP: 22/22 MP: 0/0
    94 | D:1      | Found a faded altar of an unknown god.
    99 | D:1      | Quit the game

Illustrated notes

Levels and vault maps discovered:
D:1:      dpeg_arrival_rhombi, layout_loops_ring,
          dreamdust_ecumenical_altar_drowned_temple, minmay_stone_trees_small,
          minmay_crystal_water

Action                   || total
-------------------------++-------
Melee: Unarmed           ||     4
Armor: Animal skin       ||     2
Dodge: Dodged            ||     2
